 Dungeon Crawl Stone Soup version 0.17-a0-2073-gde5cdba (webtiles) character file.

369 tp1 the Charmwright (level 6, -2/32 HPs)
             Began as a Deep Elf Conjurer on Oct 14, 2015.
             Killed by nerve-wracking pain
             ... invoked by Grinder
              (14 damage)
             ... on level 4 of the Dungeon.
             The game lasted 00:28:44 (5372 turns).

tp1 the Charmwright (Deep Elf Conjurer)             Turns: 5372, Time: 00:28:45

Health: -2/32      AC:  5    Str:  5    XL:     6   Next: 41%
Magic:  6/14       EV: 12    Int: 22    God:
Gold:   81         SH:  0    Dex: 15    Spells: 4 memorised, 2 levels left

rFire  . . .     SeeInvis .     v - +0 dagger
rCold  . . .     Clarity  .     f - +0 leather armour
rNeg   . . .     SustAt   .     (no shield)
rPois  .         Gourm    .     A - +0 helmet
rElec  .         Spirit   .     (no cloak)
rCorr  .         Warding  .     (no gloves)
rMut   .         Stasis   .     t - +0 pair of boots
MR     .....                    (no amulet)
Stlth  ++........               (no ring)
                                (no ring)

@: not resistant to hostile enchantments, unstealthy
A: no striking features
a: no special abilities


You were on level 4 of the Dungeon.
You were not hungry.

You visited 1 branch of the dungeon, and saw 4 of its levels.

You collected 81 gold pieces.

Inventory:

Hand Weapons
 v - a +0 dagger (weapon)
 x - a +0 dagger
 y - a +4 hunting sling
Missiles
 a - 18 sling bullets
Armour
 f - a +0 leather armour (worn)
 t - a +0 pair of boots (worn)
 A - a +0 helmet (worn)
Wands
 w - a wand of magic darts (13)
Scrolls
 e - a scroll of enchant weapon {unknown}
 h - a scroll of recharging {unknown}
 i - 3 scrolls of remove curse {unknown}
 m - 2 scrolls of identify {unknown}
 n - 2 scrolls of teleportation {unknown}
 r - a scroll of immolation {unknown}
 s - a scroll of enchant armour {unknown}
Potions
 l - a potion of magic {unknown}
 q - a potion of heal wounds {unknown}
Books
 b - a book of Conjurations

   Spells                             Type                      Level
   a - Magic Dart                     Conjuration                  1
   b - Searing Ray                    Conjuration                  2
   c - Dazzling Spray                 Conjuration/Hexes            3
   d - Fulminant Prism                Conjuration/Hexes            4
   e - Iskenderun's Mystic Blast      Conjuration                  4
   f - Iskenderun's Battlesphere      Conjuration/Charms           5
Comestibles
 c - 2 bread rations
 g - a meat ration
 k - 2 fruits
 p - a beef jerky


   Skills:
 - Level 2.0 Short Blades
 - Level 1.1 Slings
 - Level 2.4 Dodging
 - Level 2.4 Stealth
 - Level 4.4 Spellcasting
 - Level 5.6 Conjurations
 - Level 1.0 Hexes
 + Level 5.7 Charms


You had 2 spell levels left.
You knew the following spells:

 Your Spells              Type           Power        Failure   Level  Hunger
a - Magic Dart            Conj           ####         1%          1    None
b - Searing Ray           Conj           ####..       2%          2    #......
c - Dazzling Spray        Conj/Hex       ###.....     17%         3    ##.....
d - Iskenderun's Battles  Conj/Chrm      ####....     56%         5    ######.


Dungeon Overview and Level Annotations

Branches:
Dungeon (4/15)
 Temple: D:4-7

Altars:
Elyvilon

Shops:
D:4 [

Annotations:
D:3 1 runed door
D:4 Grinder


Message History

Aim: Grinder (moderately wounded)
The magic dart hits Grinder.
Grinder is moderately wounded.
Your battlesphere fires!
The barrage of energy hits Grinder.
Grinder is moderately wounded.
Grinder hits you.
You writhe in agony.
Casting: Magic Dart
Confirm with . or Enter, or press ? or * to list all spells.
Aiming: Magic Dart
Press: ? - help, Shift-Dir - straight line, f/p - Grinder
Aim: Grinder (moderately wounded)
The magic dart hits Grinder.
Grinder is heavily wounded.
Your battlesphere fires!
The barrage of energy hits Grinder.
Grinder is almost dead.
Grinder gestures at you. Pain shoots through your body!
You die...

#.##.##.#
#.##.##.#
#.##....####
#.##.......##
###.......##.##
#..............
#####
#.####.#.###.#.
#.*.###.#
#.#.###.#.
#...@...#
#.......#.
#..5#####
###.###.#.
##.## #...#
#.#p
#......####.###
#...
...###.##.....#
.. #....
#.....# #..(#$
#.....# ##.##..
#.....# #.. ..
#.....#


You could see Grinder.

Vanquished Creatures
  An ogre (D:4)
  An orc priest (D:3)
  An orc wizard (D:3)
  An iguana (D:4)
  Robin (D:3)
  8 gnolls
  2 adders
  A worm (D:1)
  A giant gecko (D:2)
  7 orcs
  5 hobgoblins
  10 jackals
  8 kobolds
  A quokka (D:2)
  9 bats
  2 giant cockroaches (D:1)
  3 giant newts
  18 goblins
  5 rats
85 creatures vanquished.

Notes
Turn   | Place    | Note
--------------------------------------------------------------
     0 | D:1      | tp1 the Deep Elf Conjurer began the quest for the Orb.
     0 | D:1      | Reached XP level 1. HP: 10/10 MP: 6/6
   341 | D:1      | Reached XP level 2. HP: 4/15 MP: 0/9
   916 | D:1      | Reached skill level 1 in Short Blades
  1729 | D:2      | Reached XP level 3. HP: 19/19 MP: 7/10
  2089 | D:2      | Reached skill level 5 in Conjurations
  2101 | D:2      | Reached XP level 4. HP: 12/24 MP: 2/12
  2108 | D:2      | Learned a level 2 spell: Searing Ray
  2112 | D:2      | Learned a level 3 spell: Dazzling Spray
  2287 | D:2      | Reached skill level 1 in Hexes
  3777 | D:3      | Noticed Robin
  3790 | D:3      | Killed Robin
  3790 | D:3      | Reached skill level 1 in Slings
  4087 | D:3      | Found a white marble altar of Elyvilon.
  4087 | D:3      | Found a runed door.
  4087 | D:3      | Noticed an angel
  4093 | D:3      | Reached XP level 5. HP: 24/28 MP: 2/13
  4233 | D:2      | Learned a level 5 spell: Iskenderun's Battlesphere
  4562 | D:3      | You fall through a shaft!
  4562 | D:4      | Noticed a slave
  4562 | D:4      | Noticed a slave
  5030 | D:4      | Found Udawoh's Antique Armour Boutique.
  5033 | D:4      | Reached XP level 6. HP: 32/32 MP: 11/14
  5119 | D:4      | Noticed an ogre
  5197 | D:4      | Killed an ogre
  5197 | D:4      | Reached skill level 5 in Charms
  5364 | D:4      | Noticed Grinder
  5372 | D:4      | Killed from afar by Grinder

Vault maps used:
D:1:      nicolae_arrival_washed_ashore
D:3:      kennysheep_goblin_castle, first_bread, lemuel_angel_altar
D:4:      serial_shops, shop, shop, kennysheep_generic_room_13, uniq_pikel,
          uniq_grinder

Action                   |  1- 3 |  4- 6 || total
-------------------------+-------+-------++-------
Melee: Dagger            |    44 |    19 ||    63
       Unarmed           |     6 |       ||     6
 Fire: Hunting sling     |       |     1 ||     1
 Cast: Magic Dart        |    64 |    86 ||   150
       Searing Ray       |       |    33 ||    33
       Dazzling Spray    |       |     3 ||     3
       Iskenderun's Batt |       |     1 ||     1
  Use: Potion            |       |     2 ||     2
 Stab: Sleeping          |     1 |       ||     1
  Eat: Chunk             |     3 |    10 ||    13
       Fruit             |       |     1 ||     1
